[Event "42nd Olympiad Baku 2016 Open"]
[Site "Baku"]
[Date "2016.09.06"]
[Round "5.4"]
[White "Ismagambetov, Anuar"]
[Black "Di Berardino, Diego Rafael"]
[Result "1-0"]
[ECO "C95"]
[WhiteElo "2542"]
[BlackElo "2499"]
[Annotator ""]
[PlyCount "79"]
[EventDate "2016.??.??"]
[EventType "team-tourn"]
[EventCountry "AZE"]
[SourceTitle "playchess.com"]
[Source "ChessBase"]
[WhiteTeam "Kazakhstan"]
[BlackTeam "Brazil"]
[WhiteTeamCountry "KAZ"]
[BlackTeamCountry "BRA"]
[TimeControl "40/5400+30:1800+30"]

1. e4 {(00:00)} e5 {(00:00)} 2. Nf3 {(00:15)} Nc6 {
(00:00)} 3. Bb5 {(00:23)} a6 {(00:23)} 4. Ba4 {(00:
12)} Nf6 {(00:09)} 5. O-O {(00:51)} Be7 {(01:32)} 6. Re1 {
(02:27)} b5 {(03:09)} 7. Bb3 {(00:05)} d6 {(00:14)}
8. c3 {(00:18)} O-O {(00:17)} 9. h3 {(00:53)} Nb8 {
(00:52)} 10. d4 {(01:41)} Nbd7 {(00:11)} 11. Nbd2 {
(00:07)} Bb7 {(00:28)} 12. Bc2 {(00:07)} Re8 {(00:
29)} 13. Nf1 {(00:38)} Bf8 {(00:32)} 14. Ng3 {(00:22)} g6
{(00:33)} 15. Bg5 {(02:39)} h6 {(02:01)} 16. Bd2 {(
03:59)} exd4 {(04:00)} 17. cxd4 {(08:05)} c5 {(01:40)} 18.
d5 {(05:15)} a5 {(03:02)} 19. Nh2 {(06:19)} Bg7 {(
12:56)} 20. Qc1 {(05:45)} h5 {(25:21)} 21. Bh6 {(06:23)}
Bh8 {(06:40)} 22. f4 {(06:05)} h4 {(14:15)} 23. Ngf1 {
(02:08)} c4 {(00:31)} 24. Nf3 {(02:42)} Nc5 {(01:
31)} 25. Qb1 {(00:21)} Nh5 {(06:52)} 26. Ne3 {(06:45)} Qf6
{(06:54)} 27. e5 {(04:09)} dxe5 {(00:03)} 28. fxe5 {
(00:06)} Qb6 {(05:02)} 29. e6 {(10:35)} Nxe6 {(00:
07)} 30. Bxg6 {(05:58)} Nf8 {(00:10)} 31. Bxf7+ {(02:31)}
Kxf7 {(00:04)} 32. Ng5+ {(00:13)} Kg8 {(00:35)} 33. Bxf8 {
(00:10)} Kxf8 {(01:23)} 34. Qh7 {(01:27)} Bg7 {(03:
47)} 35. Qxh5 {(00:16)} Bxd5 {(00:36)} 36. Rf1+ {(02:03)}
Ke7 {(00:17)} 37. Kh1 {(03:08)} Qxe3 {(01:13)} 38. Rae1 {
(00:08)} Qxe1 {(00:38)} 39. Rxe1+ {(00:06)} Kd7 {(
00:08)} 40. Rd1 {(00:00)} 1-0

[Event "42nd Olympiad Baku 2016 Open"]
[Site "Baku"]
[Date "2016.09.06"]
[Round "5.9"]
[White "Ivanisevic, Ivan"]
[Black "Caruana, Fabiano"]
[Result "1/2-1/2"]
[ECO "E00"]
[WhiteElo "2650"]
[BlackElo "2808"]
[Annotator ""]
[PlyCount "146"]
[EventDate "2016.??.??"]
[EventType "team-tourn"]
[EventCountry "AZE"]
[SourceTitle "playchess.com"]
[Source "ChessBase"]
[WhiteTeam "Serbia"]
[BlackTeam "United States"]
[WhiteTeamCountry "SRB"]
[BlackTeamCountry "USA"]
[TimeControl "40/5400+30:1800+30"]

1. d4 {(00:00)} e6 {(00:00)} 2. c4 {(00:00)} Bb4+ {
(00:00)} 3. Bd2 {(01:28)} a5 {(00:06)} 4. g3 {(01:
19)} Nc6 {(01:02)} 5. Bg2 {(00:41)} d6 {(00:47)} 6. e3 {
(04:48)} e5 {(06:23)} 7. d5 {(01:13)} Bxd2+ {(03:
25)} 8. Qxd2 {(00:12)} Nb8 {(00:17)} 9. Nc3 {(00:22)} Na6
{(01:28)} 10. Nge2 {(00:26)} Nf6 {(03:57)} 11. h3 {
(05:05)} Nc5 {(01:22)} 12. g4 {(06:20)} Ng8 {(30:
24)} 13. Ng3 {(19:09)} Qh4 {(09:22)} 14. O-O-O {(04:39)}
Bd7 {(07:04)} 15. Nce4 {(04:12)} Nxe4 {(02:45)} 16. Bxe4 {
(00:12)} g6 {(00:59)} 17. Bc2 {(01:59)} Ne7 {(07:
28)} 18. Rdg1 {(02:12)} f5 {(05:47)} 19. f4 {(03:16)} e4 {
(02:16)} 20. Qc3 {(08:37)} Rf8 {(00:31)} 21. Ne2 {(
05:26)} Qf6 {(00:55)} 22. Nd4 {(02:10)} Kf7 {(05:32)} 23.
g5 {(01:19)} Qg7 {(00:24)} 24. h4 {(00:06)} a4 {(
04:30)} 25. h5 {(04:44)} c5 {(00:05)} 26. dxc6 {(02:38)}
bxc6 {(00:04)} 27. Rd1 {(00:20)} c5 {(02:29)} 28. Ne2 {
(00:36)} Ra6 {(00:49)} 29. Qxg7+ {(05:35)} Kxg7 {(
00:05)} 30. Nc3 {(00:07)} Rb8 {(00:31)} 31. Rd2 {(01:08)}
Be6 {(01:17)} 32. h6+ {(01:46)} Kf7 {(01:58)} 33. Rhd1 {
(00:51)} Nc8 {(00:18)} 34. Bxa4 {(12:48)} Bxc4 {(
00:04)} 35. Bd7 {(00:07)} Ke7 {(01:26)} 36. Bxc8 {(01:18)}
Rxc8 {(00:05)} 37. b3 {(00:03)} Bd3 {(00:50)} 38. Kb2 {
(00:10)} Ke6 {(00:36)} 39. Rxd3 {(01:10)} exd3 {(
00:05)} 40. Rxd3 {(00:00)} c4 {(00:00)} 41. Rd4 {(05:23)}
cxb3 {(04:26)} 42. axb3 {(00:07)} Rca8 {(04:17)} 43. Rc4 {
(05:25)} Ra1 {(03:24)} 44. Rc7 {(02:40)} R8a7 {(14:
39)} 45. Rxh7 {(01:08)} Rxh7 {(00:04)} 46. Kxa1 {(00:04)}
Rb7 {(01:03)} 47. Kb2 {(00:27)} Rb8 {(00:27)} 48. Kc2 {
(03:09)} Rb7 {(01:09)} 49. Nb1 {(08:28)} Kd5 {(02:
36)} 50. Nd2 {(00:45)} Rc7+ {(00:48)} 51. Kd3 {(00:07)}
Rb7 {(00:05)} 52. Kc3 {(03:11)} Rc7+ {(00:12)} 53. Nc4 {
(01:04)} Rb7 {(01:02)} 54. Nd2 {(02:09)} Rc7+ {(00:
08)} 55. Kd3 {(00:04)} Rc1 {(03:25)} 56. b4 {(01:17)} Rd1
{(00:54)} 57. Ke2 {(00:11)} Rh1 {(00:38)} 58. Nf1 {
(01:06)} Kc4 {(00:42)} 59. Kf2 {(00:05)} Kxb4 {(00:
22)} 60. Kg2 {(00:07)} Rh5 {(00:58)} 61. Nh2 {(02:50)} Kc5
{(00:27)} 62. Nf3 {(00:11)} Kd5 {(00:31)} 63. Kg3 {
(01:30)} Ke6 {(00:05)} 64. Nd4+ {(00:11)} Kf7 {(00:
18)} 65. Nb5 {(00:14)} Ke7 {(00:50)} 66. Kg2 {(00:17)} Rh4
{(00:28)} 67. Nc7 {(00:08)} Kf7 {(00:06)} 68. Nd5 {
(00:28)} Rg4+ {(00:23)} 69. Kf3 {(00:24)} Rg1 {(00:
15)} 70. Ke2 {(00:10)} Ra1 {(00:15)} 71. Nc3 {(01:30)} Ra5
{(00:29)} 72. Kd3 {(00:11)} Rc5 {(00:17)} 73. Kd4 {
(00:05)} Ra5 {(00:21] Ke4} 1/2-1/2

[Event "42nd Olympiad Baku 2016 Open"]
[Site "Baku"]
[Date "2016.09.06"]
[Round "5.34"]
[White "Izijk, Jimmy"]
[Black "Pg, Md Omar Ak Hafizon"]
[Result "1/2-1/2"]
[ECO "D23"]
[WhiteElo "1991"]
[BlackElo "2168"]
[Annotator ""]
[PlyCount "112"]
[EventDate "2016.??.??"]
[EventType "team-tourn"]
[EventCountry "AZE"]
[SourceTitle "playchess.com"]
[Source "ChessBase"]
[WhiteTeam "Netherlands Antilles"]
[BlackTeam "Brunei"]
[WhiteTeamCountry "AHO"]
[BlackTeamCountry "BRN"]
[TimeControl "40/5400+30:1800+30"]

1. d4 {(00:00)} d5 {(00:00)} 2. Nf3 {(00:00)} Nf6 {
(00:00)} 3. c4 {(00:15)} dxc4 {(00:13)} 4. Qa4+ {(
00:21)} Nbd7 {(07:34)} 5. Nc3 {(00:50)} c6 {(03:20)} 6.
Qxc4 {(00:22)} Nb6 {(01:43)} 7. Qd3 {(00:49)} g6 {(
03:29)} 8. e4 {(00:15)} Bg7 {(01:03)} 9. Be2 {(02:05)} O-O
{(03:17)} 10. O-O {(01:47)} Be6 {(01:21)} 11. b3 {(
05:57)} a5 {(00:16)} 12. Rd1 {(20:08)} Qc7 {(04:53)} 13.
g3 {(03:33)} Rad8 {(06:32)} 14. Qc2 {(02:51)} Qb8 {
(03:01)} 15. Ba3 {(01:24)} Rfe8 {(05:08)} 16. Rac1 {
(00:27)} Bg4 {(12:41)} 17. Ne5 {(02:21)} Bxe2 {(02:
22)} 18. Qxe2 {(03:43)} Nbd7 {(20:44)} 19. Nxd7 {(03:10)}
Nxd7 {(01:24)} 20. e5 {(09:55)} Nf8 {(00:40)} 21. f4 {
(02:00)} Ne6 {(10:25)} 22. d5 {(04:26)} cxd5 {(04:
44)} 23. Nxd5 {(00:51)} b5 {(01:07)} 24. Nxe7+ {(11:45)}
Rxe7 {(00:20)} 25. Rxd8+ {(00:13)} Qxd8 {(00:12)} 26. Bxe7
{(00:13)} Qxe7 {(00:06)} 27. Qxb5 {(00:27)} Qb4 {(
01:10)} 28. Qd3 {(04:38)} Bf8 {(02:23)} 29. Rc4 {(03:02)}
Qb7 {(02:02)} 30. Qc2 {(04:52)} Bc5+ {(00:40)} 31. Rxc5 {
(02:17)} Qb6 {(00:08)} 32. Kf1 {(02:02)} Qxc5 {(00:
33)} 33. Qxc5 {(02:32)} Nxc5 {(00:04)} 34. Ke2 {(00:07)}
Kf8 {(00:32)} 35. Ke3 {(00:26)} Ke7 {(01:15)} 36. Kd4 {
(00:14)} Nb7 {(00:22)} 37. Kd5 {(00:57)} Kd7 {(00:
34)} 38. a3 {(01:34)} h5 {(01:53)} 39. h3 {(00:02)} Nd8 {
(00:20)} 40. b4 {(00:00)} axb4 {(00:00)} 41. axb4 {
(03:57)} Ne6 {(01:00)} 42. Ke4 {(02:50)} Kc6 {(14:
06)} 43. h4 {(12:09)} Ng7 {(00:42)} 44. Kf3 {(00:31)} Kb5
{(00:05)} 45. g4 {(00:38)} Kxb4 {(00:11)} 46. gxh5 {
(02:14)} Nxh5 {(00:07)} 47. Kg4 {(00:23)} Ng7 {(02:
09)} 48. Kg5 {(00:25)} Ne6+ {(06:27)} 49. Kf6 {(00:20)}
Kc5 {(04:07)} 50. Kxf7 {(00:10)} Kd5 {(00:17)} 51. Kxg6 {
(01:44)} Nxf4+ {(00:27)} 52. Kf5 {(01:47)} Nh5 {(
00:09)} 53. e6 {(04:39)} Kd6 {(00:10)} 54. Kg5 {(02:44)}
Kxe6 {(00:06)} 55. Kxh5 {(00:12)} Kf7 {(00:01)} 56. Kh6 {
(00:24)} Kg8 {(00:07)} 1/2-1/2

[Event "42nd Olympiad Baku 2016 Open"]
[Site "Baku"]
[Date "2016.09.06"]
[Round "5.8"]
[White "Jacopucci, Enrique"]
[Black "Mcfarland, Malcolm"]
[Result "0-1"]
[ECO "D26"]
[WhiteElo "1676"]
[BlackElo "1764"]
[Annotator ""]
[PlyCount "118"]
[EventDate "2016.??.??"]
[EventType "team-tourn"]
[EventCountry "AZE"]
[SourceTitle "playchess.com"]
[Source "ChessBase"]
[WhiteTeam "ARU"]
[BlackTeam "GUM"]
[TimeControl "40/5400+30:1800+30"]

1. d4 {(00:00)} d5 {(00:00)} 2. c4 {(00:00)} dxc4 {
(00:00)} 3. Nf3 {(00:15)} Nf6 {(00:00)} 4. e3 {(00:
14)} e6 {(00:40)} 5. Bxc4 {(00:16)} c5 {(01:03)} 6. Nc3 {
(01:18)} cxd4 {(00:20)} 7. Nxd4 {(00:59)} Be7 {(01:
07)} 8. O-O {(00:36)} O-O {(01:10)} 9. a3 {(01:56)} a6 {
(00:24)} 10. b4 {(01:16)} Qc7 {(03:02)} 11. Qd3 {(
01:58)} Rd8 {(02:53)} 12. f4 {(06:27)} Nc6 {(02:01)} 13.
Nce2 {(01:00)} e5 {(22:54)} 14. fxe5 {(01:52)} Nxe5 {
(00:38)} 15. Bxf7+ Nxf7 16. Qb3 {(13:34)} Qe5 {(23:24)}
17. Bb2 {(07:50)} Qd5 {(00:17)} 18. Qc2 {(08:02)} Bd7 {
(01:11)} 19. Rad1 {(15:46)} Rac8 {(05:32)} 20. Qb1 {
(01:34)} Qe4 {(00:58)} 21. Qxe4 {(09:36)} Nxe4 22. Nf4 {
(02:42)} Bf6 {(01:28)} 23. Nd5 {(01:39)} Bg4 {(02:
18)} 24. Nxf6+ {(02:08)} Nxf6 {(00:14)} 25. Rde1 {(02:56)}
Re8 {(02:03)} 26. h3 {(00:41)} Bd7 {(00:25)} 27. Nb3 {
(00:53)} Bb5 {(07:34)} 28. Rf3 {(01:15)} Rc2 {(06:
22)} 29. Bxf6 {(00:24)} gxf6 {(00:08)} 30. Rxf6 {(00:33)}
Bc6 {(01:45)} 31. Rf2 {(00:44)} Rxf2 {(00:16)} 32. Kxf2 {
(00:13)} Rf8 {(00:07)} 33. Kg1 {(01:21)} Ne5 {(01:
22)} 34. Nd4 {(01:39)} Rf6 {(00:48)} 35. Rc1 {(03:43)} Rg6
{(01:21)} 36. g4 {(00:42)} Rf6 {(00:57)} 37. Nf5 {(
00:52)} Kf7 {(01:04)} 38. Rd1 {(01:32)} Nf3+ {(01:00)} 39.
Kf2 {(00:29)} Ng5 {(00:47)} 40. h4 {(00:55)} Ne4+ {
(00:03)} 41. Kg1 {(01:07)} h5 {(00:34)} 42. Nd4 {(
03:07)} hxg4 {(01:38)} 43. Nxc6 {(00:26)} bxc6 {(00:44)}
44. Rd7+ {(00:47)} Kg6 {(00:32)} 45. Ra7 {(01:07)} c5 {
(00:18)} 46. bxc5 {(00:51)} Nxc5 {(00:13)} 47. Rc7 {
(00:52)} Ne4 {(01:15)} 48. Rc4 {(01:58)} Re6 {(00:
47)} 49. a4 {(00:53)} Kh5 {(00:14)} 50. Rc8 {(02:55)} Kxh4
{(00:13)} 51. Kh2 {(01:18)} g3+ {(03:12)} 52. Kg2 {
(00:25)} Kg4 {(04:12)} 53. Rg8+ {(00:47)} Ng5 {(00:
27)} 54. Ra8 {(01:21)} Rxe3 {(00:47)} 55. Rxa6 {(00:27)}
Re2+ {(00:34)} 56. Kf1 {(03:32)} Rf2+ {(00:03)} 57. Ke1 {
(00:46)} Nf3+ {(00:31)} 58. Kd1 {(01:09)} g2 {(00:
34)} 59. Rg6+ {(00:57)} Ng5 {(00:20)} 0-1

[Event "42nd Olympiad Baku 2016 Open"]
[Site "Baku"]
[Date "2016.09.06"]
[Round "5.2"]
[White "Jamena, Joseph Mensah"]
[Black "Elobeid, Asim Ali"]
[Result "1-0"]
[ECO "B07"]
[WhiteElo "1992"]
[BlackElo "2109"]
[Annotator ""]
[PlyCount "67"]
[EventDate "2016.??.??"]
[EventType "team-tourn"]
[EventCountry "AZE"]
[SourceTitle "playchess.com"]
[Source "ChessBase"]
[WhiteTeam "Ghana"]
[BlackTeam "Sudan"]
[WhiteTeamCountry "GHA"]
[BlackTeamCountry "SUD"]
[TimeControl "40/5400+30:1800+30"]

1. e4 {(00:00)} d6 {(00:00)} 2. d4 {(00:00)} Nf6 {(
00:00)} 3. Nc3 {(00:00)} c6 {(00:00)} 4. Bg5 {(01:09)}
Nbd7 {(01:02)} 5. f4 {(03:55)} Qa5 {(03:14)} 6. Qd2 {
(01:37)} e5 {(02:34)} 7. O-O-O {(00:31)} Be7 {(02:
12)} 8. Nf3 {(02:07)} h6 {(13:57)} 9. Bh4 {(03:13)} a6 {
(03:36)} 10. g4 {(03:58)} exf4 {(03:48)} 11. g5 {(
00:37)} Ng4 {(01:33)} 12. Qxf4 {(14:07)} hxg5 {(03:33)}
13. Nxg5 {(01:14)} Nh6 {(09:07)} 14. Bc4 {(03:11)} Nf6 {
(13:10)} 15. e5 {(00:33)} Nd5 {(06:20)} 16. Bxd5 {(
00:52)} cxd5 {(02:16)} 17. exd6 {(00:28)} Bxg5 {(06:56)}
18. Bxg5 {(03:35)} Be6 {(00:29)} 19. Qe5 {(06:10)} Kd7 {
(02:15)} 20. Qxg7 {(02:55)} Ng4 {(00:31)} 21. Rhf1 {
(01:50)} Rag8 {(11:48)} 22. Rxf7+ {(05:36)} Bxf7 {(
00:01)} 23. Qxf7+ {(00:02)} Kc6 {(00:05)} 24. h4 {(15:30)}
Rf8 {(04:52)} 25. Qe6 {(00:42)} Nf2 {(00:22)} 26. d7+ {
(04:58)} Kc7 {(00:18)} 27. Re1 {(02:50)} Kb8 {(00:
44)} 28. Be7 {(07:40)} Rfg8 {(04:27)} 29. Bc5 {(00:21)}
Ne4 {(01:35)} 30. Bb6 {(02:54)} Qb4 {(00:10)} 31. a3 {
(00:12)} Qd6 {(00:34)} 32. Rxe4 {(02:03)} Rg1+ {(
02:15)} 33. Kd2 {(00:22)} Rg2+ {(01:34)} 34. Ne2 {(00:10)}
1-0

[Event "42nd Olympiad Baku 2016 Open"]
[Site "Baku"]
[Date "2016.09.06"]
[Round "5.1"]
[White "Jones, Richard S"]
[Black "Mphungu Gerrard"]
[Result "1-0"]
[ECO "B52"]
[WhiteElo "2396"]
[BlackElo "2034"]
[Annotator ""]
[PlyCount "79"]
[EventDate "2016.??.??"]
[EventType "team-tourn"]
[EventCountry "AZE"]
[SourceTitle "playchess.com"]
[Source "ChessBase"]
[WhiteTeam "Wales"]
[BlackTeam "MAW"]
[WhiteTeamCountry "WLS"]
[TimeControl "40/5400+30:1800+30"]

1. e4 {(00:00)} c5 {(00:54)} 2. Nf3 {(00:00)} d6 {(
00:14)} 3. Bb5+ {(00:00)} Bd7 {(05:51)} 4. Bxd7+ {(00:00)}
Qxd7 {(00:06)} 5. c4 {(00:00)} e5 {(06:04)} 6. d3 {
(00:35)} g6 {(00:57)} 7. Nc3 {(01:14)} Bg7 {(00:26]
} 8. O-O {(13:25)} Nc6 {(00:14)} 9. a3 {(01:07)} Nge7 {
(04:10)} 10. Rb1 {(01:16)} a5 {(05:36)} 11. Bd2 {(
07:27)} O-O {(05:24)} 12. Ne2 {(08:43)} Nd4 {(24:19)} 13.
Nfxd4 {(00:49)} cxd4 {(01:53)} 14. a4 {(03:29)} Nc6 {
(00:40)} 15. Qb3 {(03:33)} Nd8 {(10:41)} 16. Ra1 {(
13:29)} Ne6 {(00:27)} 17. Ra3 {(01:07)} Nc5 {(01:59)} 18.
Qb5 {(00:19)} Qxb5 {(07:04)} 19. axb5 {(00:05)} b6 {
(01:59)} 20. Rfa1 {(00:40)} Rab8 {(00:23)} 21. b4 {
(00:32)} axb4 22. Bxb4 {(00:06)} Bh6 {(04:34)} 23. Bxc5
dxc5 {(00:05)} 24. Ra7 {(03:54)} Bd2 {(09:06)} 25. R1a6 {
(04:37)} f6 {(01:23)} 26. Rc7 {(04:19)} Rf7 {(00:
17)} 27. Rc6 {(00:04)} Ba5 {(00:43)} 28. g4 {(05:20)} Kg7
{(01:03)} 29. Kg2 {(04:18)} Rbb7 {(01:29)} 30. Rc8 {
(02:06)} Rbc7 {(00:43)} 31. Rxc7 {(00:10)} Rxc7 {(
00:01)} 32. f4 {(01:02)} f5 {(02:14)} 33. Kf3 {(05:30)}
fxe4+ {(00:20)} 34. Kxe4 {(00:08)} exf4 {(00:06)} 35. Nxf4
{(00:10)} Re7+ {(00:18)} 36. Kd5 {(00:10)} g5 {(01:
08)} 37. Ne6+ {(01:52)} Kf6 {(04:30)} 38. Nxc5 {(00:37)}
Re5+ {(01:03)} 39. Kxd4 {(00:10)} Rxc5 {(00:31)} 40. Rxa5
{(00:00)} 1-0

[Event "42nd Olympiad Baku 2016 Open"]
[Site "Baku"]
[Date "2016.09.06"]
[Round "5.30"]
[White "Juarez Flores, Carlos A"]
[Black "Teerapabpaisit, Wisuwat"]
[Result "1-0"]
[ECO "B41"]
[WhiteElo "2392"]
[BlackElo "2248"]
[Annotator ""]
[PlyCount "81"]
[EventDate "2016.??.??"]
[EventType "team-tourn"]
[EventCountry "AZE"]
[SourceTitle "playchess.com"]
[Source "ChessBase"]
[WhiteTeam "Guatemala"]
[BlackTeam "Thailand"]
[WhiteTeamCountry "GUA"]
[BlackTeamCountry "THA"]
[TimeControl "40/5400+30:1800+30"]

1. e4 {(00:00)} c5 {(00:00)} 2. Nf3 {(00:00)} e6 {(
00:00)} 3. d4 {(00:00)} cxd4 {(00:00)} 4. Nxd4 {(00:00)}
a6 {(00:00)} 5. c4 {(00:36)} Nf6 {(00:20)} 6. Nc3 {
(00:04)} Qc7 {(00:29)} 7. a3 {(00:41)} Nc6 {(00:37]
} 8. Be3 {(00:37)} d6 {(06:45)} 9. Be2 {(00:15)} Be7 {
(06:41)} 10. O-O {(00:13)} O-O {(00:13)} 11. b4 {(
02:04)} Bd7 {(16:08)} 12. Rc1 {(00:07)} Rfd8 {(07:14)} 13.
Nd5 {(05:05)} exd5 {(02:20)} 14. cxd5 {(00:04)} Nxe4 {
(03:39)} 15. dxc6 {(03:52)} bxc6 {(01:44)} 16. Qc2 {
(00:28)} d5 {(01:56)} 17. Bd3 {(02:28)} a5 {(08:24]
} 18. Bxe4 {(04:49)} dxe4 {(00:13)} 19. Qxe4 {(00:15)} Re8
{(00:48)} 20. Nxc6 {(00:53)} Bxc6 {(06:59)} 21. Rxc6 {
(00:23)} Qd7 {(00:58)} 22. Qc4 {(08:01)} Reb8 {(08:
54)} 23. Rc7 {(13:43)} Qe8 {(03:21)} 24. Ba7 {(08:08)} Rc8
{(03:27)} 25. b5 {(02:36)} Bd6 {(03:55)} 26. Rxc8 {
(03:08)} Rxc8 {(00:11)} 27. Qa4 {(10:42)} Rc3 {(05:
00)} 28. Qd4 {(08:25)} Be5 {(01:49)} 29. Re1 {(07:49)} Rc1
{(02:11)} 30. Rxc1 {(00:49)} Bxd4 {(00:08)} 31. Bxd4 {
(00:05)} h5 {(00:59)} 32. b6 {(00:43)} Qe4 {(00:48]
} 33. h4 {(02:10)} Kh7 {(04:44)} 34. Be3 {(00:25)} Kg6 {
(00:41)} 35. g3 {(06:46)} Kf5 {(01:46)} 36. Kh2 {(
01:45)} Kg4 {(00:59)} 37. Rc7 {(00:32)} Kf3 {(02:49)} 38.
b7 {(01:09)} Qb1 {(00:49)} 39. Rxf7+ {(00:47)} Ke2 {
(00:09)} 40. Ba7 {(00:00)} Qe4 {(00:00)} 41. b8=Q {
(00:33)} 1-0

[Event "42nd Olympiad Baku 2016 Open"]
[Site "Baku"]
[Date "2016.09.06"]
[Round "5.19"]
[White "Jurcik, Marian"]
[Black "Lorparizangeneh, Shahin"]
[Result "1-0"]
[ECO "D43"]
[WhiteElo "2484"]
[BlackElo "2478"]
[Annotator ""]
[PlyCount "65"]
[EventDate "2016.??.??"]
[EventType "team-tourn"]
[EventCountry "AZE"]
[SourceTitle "playchess.com"]
[Source "ChessBase"]
[WhiteTeam "Slovakia"]
[BlackTeam "Iran"]
[WhiteTeamCountry "SVK"]
[BlackTeamCountry "IRI"]
[TimeControl "40/5400+30:1800+30"]

1. Nf3 {(00:00)} d5 {(00:00)} 2. d4 {(00:21)} Nf6 {
(00:00)} 3. c4 {(00:35)} c6 {(00:03)} 4. Nc3 {(01:
21)} e6 {(00:15)} 5. Bg5 {(00:35)} Nbd7 {(01:39)} 6. cxd5
{(01:28)} exd5 {(00:43)} 7. e3 {(00:11)} Be7 {(00:
23)} 8. Bd3 {(01:27)} O-O {(02:32)} 9. Qc2 {(01:19)} Re8 {
(00:05)} 10. O-O {(01:18)} Nf8 {(00:14)} 11. Rab1 {
(08:44)} a5 {(04:23)} 12. a3 {(03:34)} Ne4 {(15:58]
} 13. Bxe4 {(17:25)} dxe4 {(06:29)} 14. Bxe7 {(05:43)}
Qxe7 {(02:11)} 15. Nd2 {(01:17)} f5 {(02:53)} 16. b4 {
(09:43)} Ng6 {(05:28)} 17. b5 {(04:31)} Qxa3 {(08:
06)} 18. bxc6 {(01:24)} bxc6 {(00:49)} 19. Nc4 {(08:56)}
Qe7 {(01:17)} 20. Nb6 {(01:26)} Ra7 {(04:50)} 21. Nb5 {
(07:20)} Ra6 {(24:48)} 22. Nxc8 {(01:48)} Rxc8 {(
03:45)} 23. Qc4+ {(01:31)} Kh8 {(00:25)} 24. Nd6 {(00:16)}
Rca8 {(00:29)} 25. Nf7+ {(00:26)} Kg8 {(00:02)} 26. Rb7 {
(01:53)} Qf8 {(00:28)} 27. Rfb1 {(02:48)} R6a7 {(
01:18)} 28. Rxa7 {(01:38)} Rxa7 {(00:02)} 29. Nd8+ {(00:
21)} Kh8 {(02:06)} 30. Rb8 {(00:24)} Re7 {(02:57)} 31.
Qxc6 {(02:56)} Nh4 {(01:57)} 32. Qa8 {(01:25)} Kg8 {
(01:36)} 33. Nc6 {(00:28)} 1-0

[Event "42nd Olympiad Baku 2016 Open"]
[Site "Baku"]
[Date "2016.09.06"]
[Round "5.26"]
[White "Kadric, Denis"]
[Black "Cupid, Kevin"]
[Result "1-0"]
[ECO "B11"]
[WhiteElo "2583"]
[BlackElo "2166"]
[Annotator ""]
[PlyCount "63"]
[EventDate "2016.??.??"]
[EventType "team-tourn"]
[EventCountry "AZE"]
[SourceTitle "playchess.com"]
[Source "ChessBase"]
[WhiteTeam "Bosnia  Herzegovina"]
[BlackTeam "TTO"]
[WhiteTeamCountry "BIH"]
[TimeControl "40/5400+30:1800+30"]

1. e4 {(00:00)} c6 {(00:00)} 2. Nc3 {(00:00)} d5 {(
00:00)} 3. Nf3 {(00:00)} Bg4 {(00:00)} 4. h3 {(00:00)}
Bxf3 {(00:01)} 5. Qxf3 {(00:00)} e6 {(00:05)} 6. Qg3 {
(00:39)} Nd7 {(00:25)} 7. d3 {(00:06)} Ne7 {(00:13]
} 8. Be2 {(02:44)} Qb6 {(05:31)} 9. O-O {(00:51)} g6 {
(01:11)} 10. Kh1 {(10:00)} Bg7 {(00:57)} 11. f4 {(
00:19)} f5 {(00:38)} 12. Bf3 {(01:06)} O-O {(00:58)} 13.
e5 {(00:08)} d4 {(00:53)} 14. Ne2 {(00:22)} Rad8 {(
12:40)} 15. a3 {(03:46)} Qc5 {(01:53)} 16. Rf2 {(09:53)}
a5 {(14:13)} 17. b4 {(06:46)} axb4 {(02:40)} 18. axb4 {
(00:03)} Qxb4 {(07:47)} 19. Ba3 {(00:04)} Qa4 {(00:
16)} 20. Rff1 {(00:10)} Ra8 {(08:19)} 21. Bxe7 {(00:11)}
Qxa1 {(00:07)} 22. Rxa1 {(00:02)} Rxa1+ {(00:13)} 23. Kh2
{(00:04)} Re8 {(05:04)} 24. Bd6 {(00:04)} Bf8 {(05:
03)} 25. Bxf8 {(00:16)} Nxf8 {(00:32)} 26. Nxd4 {(00:02)}
Rd8 {(01:11)} 27. Nb3 {(00:30)} Ra2 {(01:26)} 28. Qh4 {
(00:03)} Re8 {(00:59)} 29. Qf2 {(00:29)} Rd8 {(01:
36)} 30. Qb6 {(00:06)} Rd7 {(01:05)} 31. Nc5 {(00:03)} Rd4
{(00:37)} 32. Qb3 {(00:45)} 1-0